 Dungeon Crawl Stone Soup version 0.30.1-11-g7821555f0a (webtiles) character file.

Game seed: 6190523803997321390

30 Kranky the Conjurer (level 3, -7/28 HPs)
             Began as a Gnoll Wanderer on Nov 2, 2023.
             Was a Plaything of Xom.
             Mangled by a gnoll
             ... wielding a +0 halberd
              (11 damage)
             ... on level 2 of the Dungeon.
             The game lasted 00:01:56 (1508 turns).

Kranky the Conjurer (Gnoll Wanderer)                Turns: 1508, Time: 00:01:57

Health: -7/28      AC:  3    Str: 10    XL:     3   Next: 20%
Magic:  9/9        EV: 11    Int: 15    God:    Xom [..*...]
Gold:   29         SH:  0    Dex: 10    Spells: 11/12 levels left

rFire   . . .        a - +0 dagger
rCold   . . .        (no shield)
rNeg    . . .        h - +0 leather armour
rPois   .            (no helmet)
rElec   .            (no cloak)
rCorr   .            (no gloves)
SInv    .            (no boots)
Will    .....        (no amulet)
Stlth   +            (no ring)
HPRegen 0.24/turn    (no ring)
MPRegen 0.11/turn

%: no passive effects
@: no status effects
A: fangs 1, strong nose, distributed training
a: Renounce Religion


You were on level 2 of the Dungeon.
You worshipped Xom.
You were a toy of Xom.
You visited 1 branch of the dungeon, and saw 2 of its levels.

You collected 29 gold pieces.

Inventory:

Hand Weapons
 a - a +0 dagger (weapon)
Armour
 d - a +0 robe
 h - a +0 leather armour (worn)
Wands
 f - a wand of roots (5)
Scrolls
 b - 2 scrolls of teleportation
 e - 2 scrolls of fog
 k - a scroll of identify {unknown}
 l - a scroll of butterflies {unknown}
Potions
 c - a potion of attraction
 g - a potion of resistance {unknown}
 i - a potion of ambrosia {unknown}
 j - a potion of haste {unknown}
 m - a potion of lignification {unknown}


   Skills:
 + Level 2.6 Fighting
 + Level 0.7 Short Blades
 + Level 0.7 Long Blades
 + Level 0.7 Axes
 + Level 0.7 Maces & Flails
 + Level 0.7 Polearms
 + Level 0.7 Staves
 + Level 0.7 Ranged Weapons
 + Level 0.7 Throwing
 + Level 0.7 Armour
 + Level 2.6 Dodging
 + Level 0.7 Stealth
 + Level 0.7 Shields
 + Level 0.7 Unarmed Combat
 + Level 5.0 Spellcasting
 + Level 7.1 Conjurations
 + Level 0.5 Hexes
 + Level 0.5 Summonings
 + Level 0.5 Necromancy
 + Level 0.5 Translocations
 + Level 0.5 Transmutations
 + Level 0.5 Fire Magic
 + Level 0.5 Ice Magic
 + Level 0.5 Air Magic
 + Level 0.5 Earth Magic
 + Level 0.5 Poison Magic
 + Level 4.5 Invocations
 + Level 0.7 Evocations


You had 11 spell levels left.
You knew the following spells:

 Your Spells              Type           Power      Damage    Failure   Level
a - Shock                 Conj/Air       60%        1d6       4%          1

Your spell library contained the following spells:

 Spells                   Type           Power      Damage    Failure   Level
 Hailstorm                Conj/Ice       15%        3d5       14%         3
 Stone Arrow              Conj/Erth      30%        3d8       14%         3


Dungeon Overview and Level Annotations

Branches:
Dungeon (2/15)

Altars:
Xom

Shops:
D:1 ?


Innate Abilities, Weirdness & Mutations

You have very sharp teeth.
Your uncanny sense of smell can sniff out nearby items.
Your experience applies equally to all skills.


Message History

You kill the rat!
No target in view!
No target in view!
A goblin comes into view. It is wielding a +0 club.
You see here a rat corpse.
A goblin is nearby!
The goblin shouts!
You hear a shout!
You hit the goblin.
The goblin is heavily wounded.
The goblin hits you with a +0 club.
You closely miss the goblin.
The goblin is heavily wounded.
The goblin hits you but does no damage.
You barely miss the goblin.
The goblin is heavily wounded.
The goblin hits you with a +0 club.
You hit the goblin.
You kill the goblin!
No target in view!
No target in view!
A gnoll comes into view. It is wielding a +0 halberd.
The gnoll hits you from afar with a +0 halberd!
The gnoll hits you with a +0 halberd.
You are too injured to fight recklessly!
You are too injured to fight recklessly!
You are too injured to fight recklessly!
You are too injured to fight recklessly!
You hit the gnoll but do no damage. You hit the gnoll.
The gnoll is moderately wounded.
The gnoll hits you with a +0 halberd.
You closely miss the gnoll.
The gnoll is moderately wounded.
The gnoll hits you with a +0 halberd!
* * * LOW HITPOINT WARNING * * *
An endoplasm comes into view.
You hit the gnoll but do no damage. You bite the gnoll, but do no damage.
The gnoll is moderately wounded.
The gnoll hits you with a +0 halberd!
You die...

###########
#.........#
.J.......#
#g......#
#.@.....#
#.......#
#..)....#
#.......#
#.......#
#.......#
#.......#
###†#####
#.#


You could see a gnoll and an endoplasm.

Vanquished Creatures
  3 ball pythons (D:1)
  4 endoplasms (D:1)
  2 giant cockroaches (D:1)
  3 goblins
  3 hobgoblins
  2 quokkas (D:1)
  2 frilled lizards (D:1)
  5 kobolds (D:1)
  3 rats
27 creatures vanquished.

Notes
Turn   | Place    | Note
-------+----------+-------------------------------------------
     0 | D:1      | Kranky the Gnoll Wanderer began the quest for the Orb.
     0 | D:1      | Kranky set off with the following items: a +0 dagger, a
                  | scroll of teleportation, a potion of attraction, a +0 robe,
                  | a scroll of fog; and the following spell memorised: Shock;
                  | and the following spells available to memorise: Hailstorm,
                  | Stone Arrow.
     0 | D:1      | Reached XP level 1. HP: 17/17 MP: 6/6
   380 | D:1      | Found Jooradwa's Magic Scroll Shoppe.
   549 | D:1      | Reached XP level 2. HP: 23/23 MP: 7/7
  1159 | D:1      | Reached skill level 5 in Spellcasting
  1159 | D:1      | Reached XP level 3. HP: 25/28 MP: 7/9
  1310 | D:1      | Found a faded altar of an unknown god.
  1397 | D:1      | Prayed at the altar of an unknown god.
  1397 | D:1      | Became a worshipper of Xom of Chaos
  1508 | D:2      | Mangled by a gnoll

Illustrated notes

Levels and vault maps discovered:
D:1:      dpeg_arrival_rooms_a, layout_loops_corners, serial_shops, shop,
          hellmonk_ecumenical_altar_inner_sanctum, minmay_misc_feat_encased,
          minivault_5
D:2:      minmay_angry_zag, layout_rooms, nrook_mini_backslash, minmay_between

Skill      XL: |  1  2 |
---------------+-------+-----
Spellcasting   | 5 |  5.0
Fighting       | |  2.6
Short Blades   | |  0.7
Long Blades    | |  0.7
Axes           | |  0.7
Maces & Flails | |  0.7
Polearms       | |  0.7
Staves         | |  0.7
Ranged Weapons | |  0.7
Throwing       | |  0.7
Armour         | |  0.7
Dodging        | |  2.6
Stealth        | |  0.7
Shields        | |  0.7
Unarmed Combat | |  0.7
Conjurations   | |  7.1
Hexes          | |  0.5
Summonings     | |  0.5
Necromancy     | |  0.5
Translocations | |  0.5
Transmutations | |  0.5
Fire Magic     | |  0.5
Ice Magic      | |  0.5
Air Magic      | |  0.5
Earth Magic    | |  0.5
Poison Magic   | |  0.5
Invocations    | |  4.5
Evocations     | |  0.7

Action                     || total
---------------------------++-------
  Melee: Dagger            ||   140
         Bite              ||    13
         Punch             ||     1
   Stab: Sleeping          ||     3
 Armour: Leather armour    ||    39
  Dodge: Dodged            ||    65
